AoeStats
← PALITOMAN

Oasis

509751054Analyzed
4v4 RM · 4d ago on Sep 27, 2026· 64m 59s· 8 players
Game mode
Random Map
Map size
Large (8 player)
Population
200
Speed
Normal
Resources
Standard
Victory
Conquest
Starting age
Dark Age
Ending age
Imperial Age
RankedLock teamsTeams togetherTeam positionsShared explorationLock speedFull tech treeHidden civsTurbo modeCheats
Victory
Defeat
🇨🇳 Teutons · China
1213
+12
🇦🇷 Aztecs · Argentina
1176
+13
🇪🇸 Varangians · Spain
1165
+14
🇧🇷 Inca · Brazil
1162
+14
🇺🇿 Persians · Uzbekistan
1147
-14
🇺🇸 Dravidians · United States
1133
-15
🇩🇪 Danes · Germany
1091
-12
🇩🇪 Varangians · Germany
1090
-12
Burt McChicken
10:41 Feudal Age
14:30 Castle Age
13:00 Double-Bit Axe
13:01 Horse Collar
14:04 Double-Bit Axe
20:17 Bow Saw
23:14 Loom
24:37 Wheelbarrow
25:01 Fletching
25:12 Padded Archer Armor
26:05 Hand Cart
26:48 Bodkin Arrow
28:17 Gold Mining
28:49 Stone Mining
32:31 Imperial Age
31:00 Thumb Ring
32:08 Ballistics
33:47 Elite Elephant Archer
34:28 Bracer
34:43 Leather Archer Armor
35:32 Chemistry
36:49 Husbandry
37:20 Ring Archer Armor
37:05 Masonry
41:32 Caravan
45:42 Murder Holes
47:03 Guilds
50:36 Town Watch
53:28 Onager
59:40 Two-Man Saw
58:41 Heavy Plow
62:29 Conscription
62:15 Medical Corps
KUBEPTYPMA
10:56 Feudal Age
10:09 Loom
18:21 Castle Age
19:31 Fletching
25:36 Kamandaran
25:46 Crossbowman
26:46 Double-Bit Axe
28:47 Wheelbarrow
28:34 Town Watch
29:38 Ballistics
29:37 Bodkin Arrow
29:44 Padded Archer Armor
31:22 Bow Saw
31:27 Horse Collar
34:05 Thumb Ring
34:34 Leather Archer Armor
37:55 Imperial Age
35:32 Elite Skirmisher
38:50 Ring Archer Armor
39:22 Chemistry
39:02 Conscription
39:06 Gold Mining
40:58 Hand Cart
41:51 Gold Mining
42:19 Scale Mail Armor
44:59 Forging
45:05 Chain Mail Armor
44:11 Pikeman
44:52 Squires
47:32 Scale Barding Armor
49:48 Husbandry
50:00 Bloodlines
49:38 Light Cavalry
52:09 Chain Barding Armor
52:54 Iron Casting
55:01 Plate Barding Armor
54:25 Hussar
60:38 Caravan
Cool Dog
9:42 Feudal Age
14:34 Castle Age
12:30 Double-Bit Axe
13:52 Horse Collar
18:14 Fletching
18:36 Padded Archer Armor
25:19 Bodkin Arrow
28:24 Wheelbarrow
29:22 Hand Cart
29:53 Husbandry
30:04 Bloodlines
30:23 Stone Mining
32:48 Stone Shaft Mining
32:38 Leather Archer Armor
32:50 Scale Mail Armor
33:01 Forging
34:40 Ballistics
37:14 Imperial Age
35:14 Bow Saw
37:21 Chain Mail Armor
37:42 Iron Casting
40:20 Blast Furnace
39:23 Gold Mining
38:58 Hamask
43:12 Gold Shaft Mining
42:03 Elite Jomsviking
43:08 Conscription
43:32 Plate Mail Armor
43:16 Heavy Plow
43:19 Gambesons
43:36 Squires
44:10 Arson
56:57 Bracer
57:30 Ring Archer Armor
57:09 Thumb Ring
58:05 Cranequins
61:32 Chemistry
61:45 Heavy Mounted Crossbowman
Dabbler
5:36 Loom
8:45 Feudal Age
9:29 Double-Bit Axe
11:20 Horse Collar
12:28 Bloodlines
22:38 Castle Age
22:40 Crossbowman
23:16 Fletching
24:01 Bodkin Arrow
27:50 Heavy Plow
35:01 Bow Saw
36:53 Wheelbarrow
38:30 Town Watch
40:13 Pikeman
40:54 Squires
40:39 Arson
40:55 Scale Mail Armor
41:06 Forging
42:01 Chain Mail Armor
45:15 Imperial Age
46:17 Iron Casting
46:05 Elite Varangian Guard
47:47 Plate Mail Armor
48:27 Blast Furnace
51:06 Gold Mining
53:25 Ballistics
53:30 Halberdier
54:48 Plate Mail Armor
58:50 Bracer
60:13 Gothikon
Ethan
1:32 Loom
9:15 Feudal Age
9:41 Double-Bit Axe
10:42 Horse Collar
18:45 Castle Age
17:43 Forging
17:42 Scale Barding Armor
22:23 Bow Saw
23:01 Wheelbarrow
22:35 Heavy Plow
26:57 Hand Cart
27:09 Bloodlines
27:38 Iron Casting
27:48 Gold Mining
27:48 Stone Mining
29:52 Stone Shaft Mining
31:16 Chain Barding Armor
33:54 Imperial Age
31:12 Town Watch
32:22 Ballistics
33:03 Town Patrol
35:36 Chemistry
34:08 Cavalier
36:05 Plate Barding Armor
35:56 Paladin
39:57 Blast Furnace
40:46 Crenellations
40:19 Fletching
45:56 Caravan
48:08 Two-Man Saw
47:40 Crop Rotation
54:16 Bodkin Arrow
54:22 Scale Mail Armor
54:23 Padded Archer Armor
62:58 Coinage
62:38 Guilds
PALITOMAN
3:57 Loom
10:15 Feudal Age
14:08 Bloodlines
16:41 Forging
17:23 Scale Barding Armor
23:55 Castle Age
22:15 Horse Collar
22:23 Double-Bit Axe
27:29 Wheelbarrow
27:54 Chain Barding Armor
29:56 Iron Casting
32:08 Husbandry
39:35 Imperial Age
37:22 Hand Cart
39:46 Light Cavalry
41:28 Blast Furnace
41:05 Plate Barding Armor
41:44 Heavy Plow
41:56 Hussar
43:39 Cavalier
47:01 Gold Mining
52:15 Fletching
52:57 Ballistics
54:57 Chemistry
53:55 Bodkin Arrow
54:00 Elite Jarl
57:46 Conscription
61:35 Bracer
ELTRAVERO
4:43 Loom
10:26 Feudal Age
10:32 Man-at-Arms
15:14 Arson
17:59 Double-Bit Axe
19:19 Wheelbarrow
24:09 Scale Mail Armor
27:09 Castle Age
25:51 Town Watch
27:13 Padded Archer Armor
27:26 Forging
27:18 Eagle Warrior
28:40 Hand Cart
28:35 Squires
29:14 Iron Casting
28:42 Gold Mining
35:11 Horse Collar
35:59 Chain Mail Armor
36:45 Heavy Plow
42:41 Imperial Age
40:44 Fervor
40:58 Bow Saw
43:28 Elite Eagle Warrior
44:06 Stone Mining
44:30 Elite Eagle Warrior
46:34 Stone Shaft Mining
46:34 Gold Shaft Mining
47:27 Blast Furnace
46:58 Plate Mail Armor
46:59 Treadmill Crane
48:20 Chemistry
47:14 Fletching
48:58 Garland Wars
48:59 Conscription
50:00 Fortified Wall
50:11 Ballistics
49:45 Gambesons
50:30 Murder Holes
51:29 Bodkin Arrow
51:34 Padded Archer Armor
55:07 Town Patrol
55:46 Bracer
56:02 Leather Archer Armor
55:58 Elite Skirmisher
65:08 Conscription
Brandt9700
6:09 Loom
9:15 Feudal Age
9:53 Double-Bit Axe
15:14 Arson
19:29 Fletching
19:39 Padded Archer Armor
21:33 Wheelbarrow
25:19 Castle Age
24:12 Horse Collar
24:22 Gold Mining
25:35 Stone Mining
25:51 Crossbowman
27:33 Bow Saw
27:24 Heavy Plow
28:46 Heavy Plow
31:01 Gold Shaft Mining
31:22 Leather Archer Armor
32:57 Ballistics
33:49 Bodkin Arrow
34:27 Hand Cart
36:48 Elite Skirmisher
40:48 Imperial Age
40:49 Scale Mail Armor
41:00 Forging
42:34 Chemistry
41:37 Bracer
41:58 Fortified Wall
42:02 Capped Ram
44:03 Ring Archer Armor
47:04 Conscription
47:19 Andean Sling
47:54 Pikeman
48:38 Squires
49:18 Halberdier
52:06 Stone Shaft Mining
51:33 Champi Runner
52:24 Thumb Ring
52:31 Siege Ram
55:13 Crop Rotation
57:04 Iron Casting
56:44 Chain Mail Armor
59:31 Blast Furnace
61:23 Plate Mail Armor
60:16 Elite Kamayuk
60:57 Fabric Shields
Connection lost

Rejoining the realm…

Still unreachable

The connection could not be restored.

Session expired

The server has moved on; the page needs a fresh start.